 Dungeon Crawl Stone Soup version 0.19-a0-1834-g6b7851e (webtiles) character file.

75 graki42 the Chopper (level 4, 0/37 HPs)
             Began as a Hill Orc Gladiator on Oct 9, 2016.
             Slain by a sky beast (4 damage)
             ... on level 3 of the Dungeon.
             The game lasted 00:03:03 (1274 turns).

graki42 the Chopper (Hill Orc Gladiator)            Turns: 1274, Time: 00:03:05

Health: 0/37       AC:  4    Str: 18    XL:     4   Next: 31%
Magic:  4/4        EV: 12    Int:  8    God:
Gold:   74         SH:  0    Dex: 11    Spells: 0 memorised, 3 levels left

rFire  . . .     SeeInvis .     a - +0 war axe
rCold  . . .     Gourm    .     b - +0 leather armour
rNeg   . . .     Faith    .     (no shield)
rPois  .         Spirit   .     c - +0 helmet
rElec  .         Dismiss  .     (no cloak)
rCorr  .         Reflect  .     (no gloves)
MR     +....     Harm     .     (no boots)
Stlth  +.........               (no amulet)
                                (no ring)
                                i - ring of protection from magic

@: no status effects
A: no striking features
a: no special abilities


You were on level 3 of the Dungeon.
You were not hungry.

You visited 1 branch of the dungeon, and saw 3 of its levels.

You collected 74 gold pieces.

Inventory:

Hand Weapons
 a - a +0 war axe (weapon)
Missiles
 d - 3 throwing nets (quivered)
Armour
 b - a +0 leather armour (worn)
 c - a +0 helmet (worn)
Jewellery
 i - a ring of protection from magic (left hand)
Scrolls
 g - a scroll of fog {unknown}
 h - a scroll of teleportation {unknown}
 k - a scroll of random uselessness {unknown}
 l - a scroll of immolation {unknown}
 m - a scroll of magic mapping {unknown}
Potions
 e - a potion of agility {unknown}
 p - a potion of brilliance {unknown}
Comestibles
 f - 3 bread rations
 j - a beef jerky
 n - a chunk of flesh
 o - a meat ration


   Skills:
 + Level 2.8 Fighting
 + Level 5.5 Axes
 + Level 1.9 Throwing
 + Level 0.9 Armour
 + Level 2.9 Dodging


You had 3 spell levels left.
You didn't know any spells.

Dungeon Overview and Level Annotations

Branches:
Dungeon (3/15)

Altars:
Makhleb
Xom
Zin


Message History

You barely miss something.
A sky beast appears from thin air!
Reactivating autopickup.
The sky beast hits you but does no damage.
The sky beast hits you. The sky beast shocks you.
* * * LOW HITPOINT WARNING * * *
You barely miss the sky beast.
The sky beast hits you but does no damage.
You hit the sky beast.
The sky beast is lightly wounded.
The sky beast hits you.
* * * LOW HITPOINT WARNING * * *
The sky beast shocks you.
* * * LOW HITPOINT WARNING * * *
You hit the sky beast.
The sky beast is moderately wounded.
The sky beast barely misses you.
You slash the sky beast!
The sky beast is severely wounded.
The sky beast hits you.
You die...

......#........####...
......#.........# ####
.......†......#..#
.......†......##.#
..%...........# ...
.......).$....# ##!.
......#.....### ..
........#...#
###.......)@#
..........Y#
........._..
......#.....
.........##.#
......... .# .........
.# ...... .


You could see a sky beast.

Vanquished Creatures
  3 adders (D:2)
  2 dart slugs (D:2)
  3 leopard geckos
  2 ball pythons
  2 giant cockroaches (D:1)
  5 goblins
  6 hobgoblins
  5 kobolds
  A quokka (D:2)
  3 bats
  2 frilled lizards (D:1)
  7 rats
41 creatures vanquished.

Vanquished Creatures (others)
  A worm (D:2)
1 creature vanquished.

Grand Total: 42 creatures vanquished

Notes
Turn   | Place    | Note
-------+----------+-------------------------------------------
     0 | D:1      | graki42 the Hill Orc Gladiator began the quest for the Orb.
     0 | D:1      | Reached XP level 1. HP: 18/18 MP: 1/1
    54 | D:1      | Reached XP level 2. HP: 20/25 MP: 2/2
   427 | D:2      | Reached XP level 3. HP: 25/30 MP: 3/3
   489 | D:2      | Noticed an angel
   489 | D:2      | Found a shimmering altar of Xom.
   491 | D:2      | Found a glowing silver altar of Zin.
   515 | D:2      | Reached skill level 5 in Axes
   799 | D:2      | Reached XP level 4. HP: 31/37 MP: 4/4
  1263 | D:3      | Found a burning altar of Makhleb.
  1265 | D:3      | Noticed a sky beast
  1274 | D:3      | Slain by a sky beast

Vault maps used:
D:1:      saegor_arrival_simple_e
D:2:      grunt_temple_overflow_order_and_chaos_1, first_bread
D:3:      grunt_temple_overflow_forces_of_nature, grunt_temple_overflow_diamond,
          bloody_makhleb

Skill      XL: |  1  2  3 |
---------------+----------+-----
Axes           | 5 |  5.5
Fighting       | |  2.8
Throwing       | |  1.9
Armour         | |  0.9
Dodging        | |  2.9

Action                   |  1- 3 |  4- 6 || total
-------------------------+-------+-------++-------
Melee: War axe           |    98 |    31 ||   129
  Eat: Chunk             |       |     1 ||     1
Armor: Leather armour    |    41 |     4 ||    45
Dodge: Dodged            |    67 |    23 ||    90
